2655 views
Uploaded 2021-01-22 14:29:53
Game version 1.32.9
31:24 long 1on1 ladder game on (2)LastRefuge
Saved by xzz
2655 views
Uploaded 2021-01-22 14:29:53
Game version 1.32.9
31:24 long 1on1 ladder game on (2)LastRefuge

30 units @ 4.4k
/ 0.5k
12 buildings @ 1.9k
/ 0.7k


| Rod of Necromancy | 2 | 300 |
| Sacrificial Skull | 1 | 50 |
| Ritual Dagger | 1 | 125 |
| Orb of Corruption | 1 | 375 |
| Potion of Lesser Invulnerability | 1 | 150 |
| total: | 6 | 1000g |
| Acolyte | 5 | 375 | / | 0 |
| Ghoul | 11 | 1320 | / | 0 |
| Crypt Fiend | 6 | 1290 | / | 240 |
| Obsidian Statue | 2 | 400 | / | 70 |
| Meat Wagon | 2 | 460 | / | 100 |
| Necromancer | 4 | 580 | / | 80 |
| total: | 30 | 4425g | / | 490w |
| Nerubian Tower | 1 | 100 | / | 20 |
| Spirit Tower | 1 | 145 | / | 40 |
| Ziggurat | 6 | 900 | / | 300 |
| Altar of Darkness | 1 | 180 | / | 50 |
| Crypt | 1 | 200 | / | 50 |
| Tomb of Relics | 1 | 130 | / | 30 |
| Graveyard | 1 | 215 | / | 0 |
| Slaughterhouse | 1 | 140 | / | 135 |
| Temple of the Damned | 1 | 155 | / | 140 |
| Halls of the Dead | 1 | 320 | / | 210 |
| Black Citadel | 1 | 325 | / | 230 |
| total: | 12 | 1920g | / | 705w |
| 0:02 | Acolyte |
| 0:02 | Acolyte |
| 0:03 | Ziggurat |
| 0:04 | Altar of Darkness |
| 0:33 | Crypt |
| 0:40 | Acolyte |
| 0:41 | Acolyte |
| 0:59 | Tomb of Relics |
| 1:34 | Ghoul |
| 1:34 | Ghoul |
| 1:56 | Ghoul |
| 2:08 | Rod of Necromancy |
| 2:09 | Death Coil |
| 2:21 | Ziggurat |
| 2:23 | Ghoul |
| 3:49 | Unholy Aura |
| 4:01 | Halls of the Dead |
| 4:24 | Graveyard |
| 4:26 | Ghoul |
| 4:31 | Nerubian Tower |
| 4:44 | Ziggurat |
| 4:47 | Ghoul |
| 5:08 | Ghoul |
| 5:14 | Death Coil |
| 5:33 | Rod of Necromancy |
| 5:50 | Crypt Fiend |
| 5:54 | Ziggurat |
| 6:06 | Sacrificial Skull |
| 6:21 | Crypt Fiend |
| 6:38 | Unholy Strength |
| 6:54 | Crypt Fiend |
| 7:11 | Slaughterhouse |
| 7:21 | Frost Nova |
| 8:12 | Crypt Fiend |
| 8:24 | Obsidian Statue |
| 8:27 | Black Citadel |
| 8:39 | Ritual Dagger |
| 8:45 | Crypt Fiend |
| 9:02 | Obsidian Statue |
| 9:12 | Unholy Armor |
| 9:16 | Crypt Fiend |
| 9:48 | Exhume Corpses |
| 9:56 | Temple of the Damned |
| 9:58 | Ghoul |
| 10:19 | Ghoul |
| 10:22 | Meat Wagon |
| 10:51 | Frost Armor |
| 11:00 | Meat Wagon |
| 11:03 | Necromancer |
| 11:44 | Ziggurat |
| 11:45 | Necromancer Adept Training |
| 12:29 | Orb of Corruption |
| 12:36 | Necromancer |
| 12:42 | Ziggurat |
| 12:52 | Ghoul Frenzy |
| 13:01 | Spirit Tower |
| 13:13 | Necromancer |
| 13:38 | Necromancer |
| 13:44 | Unholy Aura |
| 14:02 | Frost Nova |
| 14:13 | Disease Cloud |
| 14:16 | Skeletal Mastery |
| 14:52 | Ghoul |
| 14:54 | Ghoul |
| 15:02 | Potion of Lesser Invulnerability |
| 16:09 | Acolyte |
| Right click | 762 |
| Select | 343 |
| Select group | 323 |
| Build/train/purchase | 77 |
| Assign group | 49 |
| Misc. action | 27 |
| Use ability | 23 |
| Item give/drop | 5 |
33 units @ 4.5k
/ 1k
115 buildings @ 6.2k
/ 3.6k

| Scroll of Regeneration | 8 | 800 |
| Lesser Clarity Potion | 2 | 140 |
| Potion of Healing | 1 | 150 |
| Scroll of Town Portal | 1 | 350 |
| Boots of Speed | 1 | 250 |
| Staff of Teleportation | 1 | 150 |
| Potion of Lesser Invulnerability | 1 | 150 |
| Potion of Invisibility | 2 | 200 |
| total: | 17 | 2190g |
| Peasant | 14 | 1050 | / | 0 |
| Footman | 4 | 540 | / | 0 |
| Mortar Team | 8 | 1440 | / | 560 |
| Flying Machine | 1 | 100 | / | 30 |
| Sorceress | 2 | 310 | / | 40 |
| Goblin Shredder | 1 | 375 | / | 100 |
| Goblin Sapper | 3 | 645 | / | 300 |
| total: | 33 | 4460g | / | 1030w |
| Scout Tower | 93 | 2790 | / | 1860 |
| Arcane Tower | 18 | 1260 | / | 900 |
| Guard Tower | 18 | 1260 | / | 900 |
| Altar of Kings | 1 | 180 | / | 50 |
| Farm | 8 | 640 | / | 160 |
| Barracks | 1 | 160 | / | 60 |
| Lumber Mill | 1 | 120 | / | 0 |
| Arcane Vault | 2 | 260 | / | 60 |
| Blacksmith | 1 | 140 | / | 60 |
| Town Hall | 3 | 1155 | / | 615 |
| Cannon Tower | 12 | 1440 | / | 1200 |
| Workshop | 4 | 560 | / | 560 |
| Arcane Sanctum | 1 | 150 | / | 140 |
| Keep | 1 | 320 | / | 210 |
| Castle | 1 | 360 | / | 210 |
| total: | 115 | 6155g | / | 3565w |
| 0:04 | Peasant |
| 0:04 | Peasant |
| 0:09 | Altar of Kings |
| 0:12 | Farm |
| 0:34 | Barracks |
| 0:38 | Peasant |
| 0:50 | Peasant |
| 1:03 | Scout Tower |
| 1:07 | Peasant |
| 1:14 | Farm |
| 1:21 | Peasant |
| 1:26 | Farm |
| 1:33 | Lumber Mill |
| 1:56 | Arcane Tower |
| 2:04 | Footman |
| 2:09 | Peasant |
| 2:19 | Scout Tower |
| 2:22 | Footman |
| 2:28 | Farm |
| 2:34 | Flame Strike |
| 2:41 | Arcane Vault |
| 2:47 | Guard Tower |
| 3:00 | Peasant |
| 3:00 | Peasant |
| 3:19 | Footman |
| 3:23 | Peasant |
| 3:29 | Farm |
| 3:32 | Scout Tower |
| 3:44 | Footman |
| 3:52 | Scroll of Regeneration |
| 4:23 | Siphon Mana |
| 4:52 | Guard Tower |
| 5:14 | Farm |
| 5:17 | Keep |
| 5:20 | Goblin Shredder |
| 5:32 | Scroll of Regeneration |
| 6:10 | Flame Strike |
| 6:20 | Scout Tower |
| 6:23 | Scout Tower |
| 6:23 | Scout Tower |
| 6:23 | Scout Tower |
| 6:24 | Scout Tower |
| 6:25 | Scout Tower |
| 6:33 | Blacksmith |
| 6:37 | Scout Tower |
| 6:38 | Scout Tower |
| 6:46 | Town Hall |
| 6:53 | Arcane Tower |
| 6:54 | Guard Tower |
| 6:59 | Guard Tower |
| 7:03 | Scout Tower |
| 7:03 | Scout Tower |
| 7:04 | Scout Tower |
| 7:07 | Scout Tower |
| 7:33 | Guard Tower |
| 7:41 | Scout Tower |
| 8:16 | Scout Tower |
| 8:17 | Scout Tower |
| 8:17 | Scout Tower |
| 8:18 | Scout Tower |
| 8:22 | Scout Tower |
| 8:28 | Workshop |
| 8:32 | Workshop |
| 8:37 | Farm |
| 8:40 | Workshop |
| 8:43 | Scroll of Regeneration |
| 8:44 | Lesser Clarity Potion |
| 8:47 | Arcane Tower |
| 8:49 | Guard Tower |
| 9:34 | Mortar Team |
| 9:42 | Mortar Team |
| 10:09 | Town Hall |
| 10:23 | Mortar Team |
| 10:34 | Arcane Tower |
| 10:40 | Siphon Mana |
| 10:51 | Guard Tower |
| 10:57 | Arcane Tower |
| 11:07 | Guard Tower |
| 11:18 | Flying Machine |
| 11:23 | Farm |
| 11:26 | Guard Tower |
| 11:29 | Scout Tower |
| 11:32 | Scout Tower |
| 11:35 | Flak Cannons |
| 11:41 | Scout Tower |
| 11:44 | Scout Tower |
| 11:46 | Scout Tower |
| 11:47 | Scout Tower |
| 11:52 | Scout Tower |
| 11:54 | Scout Tower |
| 11:54 | Scout Tower |
| 11:56 | Scout Tower |
| 11:56 | Scout Tower |
| 11:57 | Scout Tower |
| 11:57 | Scout Tower |
| 11:58 | Scout Tower |
| 11:59 | Scout Tower |
| 12:00 | Scout Tower |
| 12:10 | Mortar Team |
| 13:11 | Boots of Speed |
| 13:16 | Staff of Teleportation |
| 13:20 | Cannon Tower |
| 13:21 | Cannon Tower |
| 13:28 | Goblin Sapper |
| 13:28 | Goblin Sapper |
| 13:28 | Goblin Sapper |
| 13:39 | Guard Tower |
| 13:42 | Scroll of Regeneration |
| 13:43 | Potion of Healing |
| 13:48 | Scout Tower |
| 13:50 | Scout Tower |
| 13:52 | Scout Tower |
| 13:53 | Scout Tower |
| 14:12 | Cannon Tower |
| 14:18 | Arcane Sanctum |
| 14:22 | Workshop |
| 14:29 | Potion of Lesser Invulnerability |
| 14:31 | Potion of Invisibility |
| 14:47 | Cannon Tower |
| 14:49 | Arcane Tower |
| 14:51 | Arcane Tower |
| 14:53 | Mortar Team |
| 14:55 | Black Gunpowder |
| 15:15 | Flare |
| 15:17 | Scroll of Regeneration |
| 15:20 | Cannon Tower |
| 15:22 | Cannon Tower |
| 15:24 | Cannon Tower |
| 15:25 | Cannon Tower |
| 15:28 | Arcane Tower |
| 15:30 | Arcane Tower |
| 16:20 | Flame Strike |
| 16:27 | Mortar Team |
| 16:28 | Scroll of Regeneration |
| 16:28 | Lesser Clarity Potion |
| 17:19 | Mortar Team |
| 17:39 | Cannon Tower |
| 17:44 | Peasant |
| 17:45 | Peasant |
| 17:59 | Sorceress |
| 18:05 | Magic Sentry |
| 18:23 | Scroll of Regeneration |
| 18:30 | Sorceress |
| 18:33 | Sorceress Adept Training |
| 18:43 | Peasant |
| 18:48 | Scout Tower |
| 18:49 | Scout Tower |
| 18:51 | Scout Tower |
| 18:52 | Scout Tower |
| 18:54 | Scout Tower |
| 18:55 | Scout Tower |
| 18:56 | Scout Tower |
| 18:57 | Scout Tower |
| 18:58 | Scout Tower |
| 18:59 | Scout Tower |
| 18:59 | Scout Tower |
| 19:01 | Scout Tower |
| 19:02 | Scout Tower |
| 19:03 | Scout Tower |
| 19:05 | Scout Tower |
| 19:13 | Peasant |
| 19:42 | Improved Masonry |
| 19:44 | Studded Leather Armor |
| 19:57 | Castle |
| 20:26 | Scroll of Town Portal |
| 21:41 | Scout Tower |
| 21:44 | Scout Tower |
| 21:51 | Town Hall |
| 22:00 | Scout Tower |
| 22:00 | Scout Tower |
| 22:01 | Scout Tower |
| 22:02 | Scout Tower |
| 22:03 | Scout Tower |
| 22:06 | Scout Tower |
| 22:07 | Scout Tower |
| 22:08 | Scout Tower |
| 22:09 | Scout Tower |
| 22:10 | Scout Tower |
| 22:11 | Scout Tower |
| 22:13 | Scout Tower |
| 22:14 | Scout Tower |
| 22:15 | Scout Tower |
| 22:15 | Scout Tower |
| 22:16 | Scout Tower |
| 22:17 | Scout Tower |
| 22:18 | Scout Tower |
| 22:18 | Scout Tower |
| 22:19 | Scout Tower |
| 22:20 | Scout Tower |
| 22:20 | Scout Tower |
| 22:21 | Scout Tower |
| 22:21 | Scout Tower |
| 22:22 | Scout Tower |
| 22:23 | Scout Tower |
| 22:24 | Scout Tower |
| 22:26 | Scout Tower |
| 22:26 | Scout Tower |
| 22:27 | Scout Tower |
| 22:28 | Scout Tower |
| 22:29 | Scout Tower |
| 22:34 | Arcane Tower |
| 22:57 | Arcane Vault |
| 23:03 | Scroll of Regeneration |
| 23:11 | Arcane Tower |
| 23:15 | Guard Tower |
| 23:19 | Guard Tower |
| 23:41 | Arcane Tower |
| 23:49 | Guard Tower |
| 23:52 | Arcane Tower |
| 24:18 | Guard Tower |
| 24:24 | Arcane Tower |
| 24:30 | Fragmentation Shards |
| 24:42 | Cannon Tower |
| 24:45 | Guard Tower |
| 24:50 | Arcane Tower |
| 24:55 | Arcane Tower |
| 27:19 | Sorceress Master Training |
| 27:20 | Mortar Team |
| 27:21 | Refined Gunpowder |
| 27:28 | Cannon Tower |
| 27:31 | Cannon Tower |
| 27:38 | Scout Tower |
| 27:44 | Arcane Tower |
| 27:52 | Guard Tower |
| 28:15 | Arcane Tower |
| 28:21 | Scout Tower |
| 28:25 | Scout Tower |
| 29:15 | Guard Tower |
| 29:19 | Imbued Gunpowder |
| 29:19 | Reinforced Leather Armor |
| 29:21 | Advanced Masonry |
| 29:55 | Potion of Invisibility |
| 30:17 | Guard Tower |
| Right click | 759 |
| Select | 492 |
| Build/train/purchase | 144 |
| Select group | 140 |
| Use ability | 39 |
| Assign group | 18 |
| Misc. action | 16 |
| Item give/drop | 4 |
| Esc | 1 |